 Dungeon Crawl Stone Soup version 0.23.0-3-gf3c87f2 (webtiles) character file.

Game seed: 6913250202524395407

74 misha the Poker (level 4, -1/37 HPs)
             Began as a Merfolk Berserker on Feb 24, 2019.
             Was a Believer of Trog.
             Slain by a gnoll
             ... wielding a +0 whip
              (2 damage)
             ... on level 3 of the Dungeon.
             The game lasted 00:05:30 (1748 turns).

misha the Poker (Merfolk Berserker)                 Turns: 1748, Time: 00:05:30

Health: -1/37      AC:  2    Str: 18    XL:     4   Next: 30%
Magic:  4/4        EV: 13    Int:  6    God:    Trog [**....]
Gold:   116        SH:  0    Dex: 13    Spells: 3/3 levels left

rFire    . . .     SeeInvis .   a - +0 spear
rCold    . . .     Gourm    .   (no shield)
rNeg     . . .     Faith    .   b - +0 animal skin
rPois    .         Spirit   .   (no helmet)
rElec    .         Reflect  .   (no cloak)
rCorr    .         Harm     .   (no gloves)
MR       .....                  (no boots)
Stlth    ++........             (no amulet)
HPRegen  0.12/turn              (no ring)
MPRegen  0.09/turn              (no ring)

@: berserk cooldown, slowed, very slow
A: change form in water, swift swim, stealthy swim
a: Berserk, Trog's Hand, Renounce Religion


You were on level 3 of the Dungeon.
You worshipped Trog.
Trog was pleased with you.
You were near starving.

You visited 1 branch of the dungeon, and saw 3 of its levels.

You collected 116 gold pieces.

Inventory:

Hand Weapons
 a - a +0 spear (weapon)
Missiles
 r - 10 poisoned needles
Armour
 b - a +0 animal skin (worn)
Jewellery
 e - an uncursed ring of ice {unknown}
 f - a +5 ring of evasion {unknown}
 k - an uncursed ring of protection from fire {unknown}
Scrolls
 g - 6 scrolls of remove curse {unknown}
 h - 2 scrolls of blinking {unknown}
 i - 2 scrolls of identify {unknown}
 m - 2 scrolls of enchant armour {unknown}
 n - a scroll of immolation {unknown}
 o - a scroll of fear {unknown}
Potions
 d - 3 potions of lignification {unknown}
 j - 2 potions of brilliance {unknown}
 l - 2 potions of invisibility {unknown}
 p - 3 potions of curing {unknown}
 q - a potion of degeneration {unknown}
Comestibles
 c - 7 rations


   Skills:
 + Level 4.1 Fighting
 + Level 5.5 Polearms
 - Level 1.5 Armour
 + Level 3.2 Dodging
 + Level 1.6 Stealth


You had 3 spell levels left.
You didn't know any spells.
Your spell library was empty.

Dungeon Overview and Level Annotations

Branches:
Dungeon (3/15)

Altars:
Ashenzari
Nemelex Xobeh


Message History

* * * LOW HITPOINT WARNING * * *
Things that are here:
a +0 spear; a gnoll corpse You feel a strong urge to attack something.
An orc comes into view. It is wielding a +0 trident.
The orc shouts!
The gnoll completely misses you.
The orc throws a tomahawk.
The tomahawk hits you.
* * * LOW HITPOINT WARNING * * *
You see here a tomahawk.
You are no longer berserk.
You are exhausted.
You feel yourself slow down. The gnoll barely misses you.
The gnoll closely misses you.
Things that are here:
a +0 spear; a gnoll corpse You hit the gnoll.
The gnoll is moderately wounded.
The gnoll misses you. The gnoll hits you with a +0 whip.
You die...

#.###.#.##...##..#
#.# #......_......
#.# #...##...##.#.
#.# #...###.###.#.
#.# #...# #.# #.#.
#.# #.... ... ..#.
#.# ...# ###†
#####)########..#
#.
#...g@g.....#....
#. #.###(#####.#
#. #.........# #.
#..........o. #.
#.#......#### #. #
.......# #.
......#.# #.
#........# #.
#....#...# #>


You could see 2 gnolls.

Vanquished Creatures
  An adder (D:3)
  2 gnolls (D:3)
  An adder skeleton (D:2)
  2 adder zombies (D:2)
  A worm (D:2)
  2 leopard geckos (D:1)
  A bat skeleton (D:2)
  2 giant cockroaches
  A hobgoblin (D:2)
  2 quokkas (D:2)
  A ball python zombie (D:2)
  6 bats
  2 frilled lizards
  A giant cockroach zombie (D:2)
  2 goblins (D:2)
  A jackal skeleton (D:2)
  A jackal zombie (D:2)
  4 kobolds (D:2)
  A leopard gecko zombie (D:2)
  3 rats
37 creatures vanquished.

Notes
Turn   | Place    | Note
-------+----------+-------------------------------------------
     0 | D:1      | misha the Merfolk Berserker began the quest for the Orb.
     0 | D:1      | Reached XP level 1. HP: 18/18 MP: 1/1
   379 | D:1      | Found a shattered altar of Ashenzari.
   387 | D:1      | Reached XP level 2. HP: 21/24 MP: 2/2
   829 | D:2      | Reached skill level 5 in Polearms
   916 | D:2      | Reached XP level 3. HP: 26/30 MP: 3/3
   933 | D:2      | Reached skill level 1 in Stealth
  1347 | D:2      | Reached ** piety under Trog
  1696 | D:3      | Found a sparkling altar of Nemelex Xobeh.
  1738 | D:3      | Reached XP level 4. HP: 22/37 MP: 4/4
  1746 | D:3      | HP: 1/55 [orc/tomahawk (3)]
  1748 | D:3      | Slain by a gnoll

Skill      XL: |  1  2  3 |
---------------+----------+-----
Polearms       | 5 |  5.5
Stealth        | 1 |  1.6
Fighting       | 4 |  4.1
Dodging        | 3 |  3.2
Armour         | |  1.5

Action                   |  1- 3 |  4- 6 || total
-------------------------+-------+-------++-------
Melee: Spear             |   151 |     6 ||   157
Invok: Berserk           |     1 |       ||     1
 Stab: Sleeping          |     4 |       ||     4
  Eat: Chunk             |     2 |       ||     2
Armor: Animal skin       |    29 |       ||    29
Dodge: Dodged            |    83 |    11 ||    94
